 Dungeon Crawl Stone Soup version 0.30-a0-305-g026cb31310 (webtiles) character file.

Game seed: 8755163537610613864

26380 freelancePsychic the Severer (level 13, -14/119 (124) HPs)
             Began as a Hill Orc Brigand on Oct 22, 2022.
             Was a High Priest of Nemelex Xobeh.
             Demolished by an Ice Fiend (48 damage)
             ... summoned by a dread lich
             ... on level 2 of the Abyss.
             The game lasted 00:27:03 (12032 turns).

freelancePsychic the Severer (Hill Orc Brigand)    Turns: 12032, Time: 00:27:03

HP:   -14/119 (124) AC: 35    Str: 16    XL:     13   Next: 25%
MP:   20/23         EV:  5    Int: 10    God:    Nemelex Xobeh [*****.]
Gold: 570           SH:  4    Dex: 13    Spells: 12/12 levels left

rFire   . . .      SeeInvis .    a - +0 war axe
rCold   . . .      Faith    +    o - +0 buckler
rNeg    + . .      Spirit   .    J - +15 Maxwell's patent armour {-Cast -Tele rElec Will+ rCorr}
rPois   +          Reflect  .    (no helmet)
rElec   +          Harm     .    l - +2 ratskin cloak {*Rats rPois rN+ Str-1 Int-1 Dex+1}
rCorr   +          Rampage  .    (no gloves)
Will    +....      Rage     9%   H - +2 pair of boots
Stlth   .......... NoTele   +    q - amulet of faith
HPRegen 0.00/turn  NoCast   +    D - ring of poison resistance
MPRegen 0.18/turn                (no ring)

@: elixired, on berserk cooldown, inhibited regen, lightly drained, unable to
read
A: [berserk 2], [inhibited regeneration], ([teleportitis 2]), [weak 1], [no
potion heal 1], [subdued magic 3], [inability to read after injury 1]
a: Renounce Religion, Draw Escape, Draw Destruction, Draw Summoning, Triple
Draw, Deal Four, Stack Five


You were on level 2 of the Abyss.
You worshipped Nemelex Xobeh.
Nemelex Xobeh was extremely pleased with you.
You visited 2 branches of the dungeon, and saw 13 of its levels.
You visited the Abyss 2 times.
You also visited: Volcano.

You collected 747 gold pieces.
You spent 177 gold pieces at shops.

Inventory:

Hand Weapons
 a - a +0 war axe (weapon)
 b - a +2 whip of electrocution
 h - a +2 dagger
 P - a +0 battleaxe of electrocution
Missiles
 d - 11 poisoned darts (quivered)
 e - 6 curare-tipped darts
 i - 8 boomerangs
Armour
 l - the +2 ratskin cloak (worn) {*Rats rPois rN+ Str-1 Int-1 Dex+1}
   (You found it on level 2 of the Dungeon)

   When the wearer is hurt, rats may emerge from it to assist them.
   Str:       It affects your strength (-1).
   Int:       It affects your intelligence (-1).
   Dex:       It affects your dexterity (+1).
   rPois:     It protects you from poison.
   rN:        It protects you from negative energy.
 o - a +0 buckler (worn)
 r - a +0 robe
 v - a +0 scale mail
 F - a +0 plate armour
 H - a +2 pair of boots (worn)
 J - the +15 Maxwell's patent armour (worn) {-Cast -Tele rElec Will+ rCorr}
   (You found it on level 9 of the Dungeon)

   rElec:     It insulates you from electricity.
   -Cast:     It prevents spellcasting.
   -Tele:     It prevents most forms of teleportation.
   rCorr:     It protects you from acid and corrosion.
   Will:      It increases your willpower.
Jewellery
 q - an amulet of faith (around neck)
 D - a ring of poison resistance (left hand)
Wands
 u - a wand of roots (6)
 G - a wand of digging (8)
 I - a wand of flame (9)
Scrolls
 c - a scroll of summoning
 f - a scroll of vulnerability {unknown}
 j - a scroll of torment
 p - 2 scrolls of teleportation {unknown}
 t - a scroll of blinking {unknown}
 w - 4 scrolls of enchant weapon
 x - a scroll of silence
 B - a scroll of poison {unknown}
 C - a scroll of fear
 K - a scroll of amnesia
 N - 5 scrolls of identify {@r1}
Potions
 g - 2 potions of mutation
 m - a potion of degeneration
 n - 3 potions of curing {@q1}
 s - 3 potions of attraction
 z - a potion of invisibility {unknown}
 A - 2 potions of berserk rage
 E - 5 potions of heal wounds {unknown}
 L - a potion of magic {unknown}
 M - a potion of resistance {unknown}
 O - a potion of haste {unknown}
 Q - a potion of flight {unknown}


   Skills:
 + Level 14.1 Fighting
 - Level 2.1 Short Blades
 - Level 16.0 Axes
 - Level 1.7 Throwing
 + Level 9.1 Armour
 - Level 0.7 Dodging
 - Level 3.2 Stealth
 - Level 3.0 Shields
 + Level 14.1 Invocations


You had 12 spell levels left.
You didn't know any spells.
Your spell library contained the following spells:

 Spells                   Type           Power      Damage    Failure   Level
 Gell's Gravitas          Tloc           0%         N/A       100%        3
 Lesser Beckoning         Tloc           0%         N/A       100%        3
 Ozocubu's Armour         Ice            0%         N/A       100%        3
 Stone Arrow              Conj/Erth      0%         3d7       100%        3
 Teleport Other           Tloc           0%         N/A       100%        3
 Animate Armour           Summ/Erth      0%         N/A       100%        4
 Cause Fear               Hex            0%         N/A       100%        4
 Leda's Liquefaction      Hex/Erth       0%         N/A       100%        4
 Lee's Rapid Deconstruct  Erth           0%         3d4*      100%        5
 Dispersal                Tloc           0%         N/A       100%        6
 Statue Form              Tmut/Erth      0%         N/A       100%        6
 Dragon Form              Tmut           0%         N/A       100%        7
 Ozocubu's Refrigeration  Ice            0%         4d7       100%        7
 Lehudib's Crystal Spear  Conj/Erth      0%         10d2      100%        8
 Dragon's Call            Summ           0%         N/A       100%        9


Dungeon Overview and Level Annotations

Branches:
Dungeon (12/15)            Temple (0/1) D:5            Lair (0/5) D:11
    Orc (1/2) D:11        Volcano (visited)

Altars:
Cheibriados
Gozag
Nemelex Xobeh
Sif Muna
Xom
Yredelemnul

Shops:
D:4 =!   D:7 [   D:9 :

Annotations:
D:1 1 runed translucent door
D:3 3 transporters, glaedl's ghost, amateur OpCj Volcano exclusion: door


Innate Abilities, Weirdness & Mutations

[You have an uncontrollable temper.]
[You do not regenerate when monsters are visible.]
[((You are often teleported next to monsters.))]
[You are weak. (Str -2)]
[Potions are less effective at restoring your health.]
[Your spells are much easier to cast, but much less powerful.]
[You occasionally lose the ability to read scrolls when taking damage.]


Message History

Something touches you but does no damage.
Your river rat bites the reaper.
Something touches you but does no damage.
The reaper hits you!
You hear some strange, mumbled words.
Something tries to affect you, but you resist.
Your river rat barely misses the reaper.
The reaper hits you but does no damage.
You can move again.
Unknown command.
Unknown command.
Unknown command.
Unknown command.
You deal a card...
You have dealt the Elixir.
You begin rapidly regenerating health and magic.
You deal a card...
You have dealt the Cloud.
Clouds appear around you!
You deal a card...
You have dealt Velocity.
The sun demon seems to slow down.
You deal a card...
You have dealt the Tomb.
Walls emerge from the floor!
The deck of cards disappears without a trace.
Something touches you but does no damage.
Your river rat bites the reaper.
Something touches you but does no damage.
The reaper hits you! You block the Ice Fiend's attack. x2
Your river rat bites the reaper!
Your magical effects are unravelling.
You feel magically purged.
You feel yourself speed up.
You feel a little less mighty now.
Something touches you but does no damage.
Something touches you. You partially resist.
You feel drained. The reaper hits your river rat!
Your river rat dies!
You block the Ice Fiend's attack. The Ice Fiend claws you!
The Ice Fiend freezes you!! Something touches you. You partially resist.
You feel drained.
The Ice Fiend claws you but does no damage.
The Ice Fiend claws you!
* * * LOW HITPOINT WARNING * * *
The Ice Fiend freezes you!!!
You die...
Your body glows slightly and disappears.

#.. ... .§§. # # ..
≈.#. .. ... §.§..#
... . ...... . #...
. ...##'##### #..#
#......#.......#. #
#..
##...∩§###....~..
........§1@§.....~..
3# ######{2##.###.#.
# ....§3## # . .
.>..#.# ......#..
###.. # # ... ..#
.... ... ..#. .#.


You could see an Ice Fiend (summoned), a reaper (summoned, unaware, misshapen,
corroded) and a sun demon (summoned, slow, misshapen).

Vanquished Creatures
  An ogre mage (D:10)
  A tengu warrior (D:10)
  4 two-headed ogres
  An orc high priest (Orc:1)
  A thrashing horror (Abyss:2)
  A sun demon (Abyss:2)
  A sixfirhy (Abyss:2)
  3 wretched stars (Abyss:2)
  A spatial maelstrom (Abyss:2)
  4 wizards
  Pikel (D:5)
  A lindwurm (Orc:1)
  A cyclops (D:10)
  A moth of wrath (D:11)
  An apocalypse crab (Abyss:2)
  A toenail golem (Volcano)
  3 unseen horrors (D:11)
  An efreet (D:9)
  An ancient zyme (Abyss:2)
  2 trolls
  2 hornets
  8 raiju (Abyss:2)
  Grinder (D:6)
  A ynoxinul (Abyss:2)
  2 shadows
  2 wraiths (D:11)
  5 yaks (D:11)
  A hog (shapeshifter) (Abyss:2)
  A human (D:11)
  3 water moccasins (D:11)
  2 acid dragons
  A sky beast (D:8)
  12 orc warriors
  2 ice beasts (D:8)
  4 black bears
  An ogre (Orc:1)
  3 centaurs
  4 lemures (D:5)
  4 phantoms
  Blork the orc (D:5)
  2 bullfrogs
  3 small abominations (Abyss:2)
  2 necrophages (D:5)
  4 wights
  2 jellies
  10 killer bees
  6 howler monkeys
  7 orc priests
  4 iguanas
  15 orc wizards
  Ijyb (D:3)
  8 adders
  A river rat (D:3)
  2 shadow imps
  3 white imps
  An ufetubus (D:6)
  A worm (D:2)
  2 dart slugs
  60 orcs
  5 bats
  3 endoplasms
  2 giant cockroaches (D:4)
  4 goblins
  2 hobgoblins
  5 quokkas
  2 ball pythons
  5 frilled lizards
  9 kobolds
  5 rats
267 creatures vanquished.

Vanquished Creatures (collateral kills)
  A bone dragon (Abyss:2)
  A lich (Abyss:2)
  A thrashing horror (Abyss:2)
  An ice beast (D:6)
  An orc warrior (D:7)
  A kobold brigand (D:8)
  A wight (Abyss:2)
  A jelly (D:6)
  An adder (D:3)
  A worm (D:2)
  2 orcs
  A quokka (D:4)
13 creatures vanquished.

Vanquished Creatures (others)
  An orc wizard (D:4)
  21 fungi (D:11)
  20 plants (D:11)
42 creatures vanquished.

Grand Total: 322 creatures vanquished

Notes
Turn   | Place    | Note
-------+----------+-------------------------------------------
     0 | D:1      | freelancePsychic the Hill Orc Brigand began the quest for
                  | the Orb.
     0 | D:1      | Reached XP level 1. HP: 18/18 MP: 1/1
     0 | D:1      | Noticed a jelly
     1 | D:1      | Found a runed translucent door.
   485 | D:1      | Reached skill level 1 in Axes
   485 | D:1      | Reached XP level 2. HP: 25/25 MP: 2/2
   996 | D:2      | Reached skill level 2 in Axes
   996 | D:2      | Reached XP level 3. HP: 17/31 MP: 3/3
  1073 | D:2      | Found a faded altar of an unknown god.
  1128 | D:2      | Found the +2 ratskin cloak {*Rats rPois rN+ Str-1 Int-1
                  | Dex+1}
  1188 | D:2      | Found a sparkling altar of Nemelex Xobeh.
  1394 | D:2      | Became a worshipper of Nemelex Xobeh the Trickster
  1637 | D:3      | Reached XP level 4. HP: 40/40 MP: 4/4
  1680 | D:3      | Noticed Sigmund
  1720 | D:3      | Reached skill level 3 in Axes
  1761 | D:3      | Reached skill level 1 in Invocations
  1773 | D:3      | Noticed glaedl's ghost (amateur OpCj)
  1774 | D:3      | Found a transporter.
  1868 | D:3      | Identified the +9 dire flail of Houxumm {holy, rElec}
  1868 | D:3      | Noticed an ogre
  1879 | D:3      | Found a transporter.
  1918 | D:3      | Found a transporter.
  1937 | D:3      | Noticed Ijyb
  1945 | D:3      | Killed Ijyb
  2035 | D:3      | Reached XP level 5. HP: 38/47 MP: 6/6
  2203 | D:3      | Reached * piety under Nemelex Xobeh
  2497 | D:4      | Found Odghyeh's Jewellery Shoppe.
  2570 | D:4      | Received a gift from Nemelex Xobeh
  2625 | D:4      | Noticed a phantom
  2626 | D:4      | Killed a phantom
  2627 | D:4      | Reached skill level 5 in Fighting
  2627 | D:4      | Reached skill level 4 in Axes
  2627 | D:4      | Reached XP level 6. HP: 56/56 MP: 6/8
  2858 | D:4      | Found Macs's Distillery.
  2860 | D:4      | Reached ** piety under Nemelex Xobeh
  2866 | D:4      | Bought a potion of berserk rage for 60 gold pieces
  3370 | D:4      | Received a gift from Nemelex Xobeh
  3480 | D:3      | Sigmund changed into Sigmund the river rat
  3480 | D:3      | Noticed Sigmund
  3485 | D:3      | Killed Sigmund the river rat
  3727 | D:5      | Entered Level 5 of the Dungeon
  3735 | D:5      | Reached skill level 5 in Axes
  3760 | D:5      | Found a staircase to the Ecumenical Temple.
  3851 | D:5      | Noticed Eustachio
  3853 | D:5      | Eustachio changed into Eustachio the bullfrog
  3853 | D:5      | Noticed Eustachio
  3856 | D:5      | Killed Eustachio the bullfrog
  3857 | D:5      | Reached XP level 7. HP: 61/62 MP: 10/10
  3868 | D:5      | Noticed Blork the orc
  3877 | D:5      | Killed Blork the orc
  3886 | D:5      | Reached *** piety under Nemelex Xobeh
  3990 | D:5      | Reached skill level 5 in Invocations
  4115 | D:5      | Received a gift from Nemelex Xobeh
  4122 | D:5      | Reached skill level 6 in Axes
  4329 | D:5      | Noticed Pikel
  4344 | D:5      | Killed Pikel
  4345 | D:5      | Reached skill level 7 in Axes
  4345 | D:5      | Reached XP level 8. HP: 57/73 MP: 11/13
  4436 | D:5      | Found a snail-covered altar of Cheibriados.
  4646 | D:6      | Noticed Grinder
  4662 | D:6      | Killed Grinder
  4663 | D:6      | Reached skill level 8 in Axes
  4738 | D:6      | Received a gift from Nemelex Xobeh
  4781 | D:6      | Reached XP level 9. HP: 43/81 MP: 14/14
  5365 | D:6      | Reached **** piety under Nemelex Xobeh
  5469 | D:7      | Noticed a troll
  5507 | D:6      | Reached skill level 9 in Axes
  5652 | D:7      | Killed a troll
  5727 | D:7      | Received a gift from Nemelex Xobeh
  6328 | D:7      | Received a gift from Nemelex Xobeh
  6488 | D:7      | Found Basiczaq's Antique Armour Emporium.
  6496 | D:7      | Bought a buckler for 117 gold pieces
  7151 | D:8      | Reached skill level 10 in Axes
  7156 | D:8      | Reached skill level 1 in Shields
  7260 | D:8      | Found a shimmering altar of Xom.
  7265 | D:8      | Noticed a hornet
  7274 | D:8      | Killed a hornet
  7282 | D:8      | Reached skill level 10 in Fighting
  7282 | D:8      | Reached XP level 10. HP: 80/93 MP: 17/17
  7832 | D:8      | Found a basalt altar of Yredelemnul.
  7835 | D:8      | Found a shimmering blue altar of Sif Muna.
  7839 | D:8      | Found an opulent altar of Gozag.
  7856 | D:8      | Received a gift from Nemelex Xobeh
  7980 | D:8      | Reached skill level 11 in Axes
  8290 | D:9      | Found the +15 Maxwell's patent armour {-Cast -Tele rElec
                  | Will+ rCorr}
  8340 | D:9      | Found Hosoyrye's Book Shop.
  8443 | D:9      | Reached ***** piety under Nemelex Xobeh
  8487 | D:9      | Received a gift from Nemelex Xobeh
  8578 | D:9      | Noticed a two-headed ogre
  8589 | D:9      | Killed a two-headed ogre
  8590 | D:9      | Reached skill level 12 in Axes
  8681 | D:9      | Noticed a wizard
  8684 | D:9      | Received a gift from Nemelex Xobeh
  8688 | Abyss:2  | Cast into level 2 of the Abyss (a wizard)
  8722 | Abyss:2  | Noticed a sun demon
  8732 | Abyss:2  | a sun demon changed into a sixfirhy
  8732 | Abyss:2  | Noticed a sixfirhy
  8738 | Abyss:2  | Killed a sixfirhy
  8739 | Abyss:2  | Reached skill level 13 in Axes
  8750 | Abyss:2  | Noticed a smoke demon
  8753 | Abyss:2  | a smoke demon changed into a sun demon
  8753 | Abyss:2  | Noticed a sun demon
  8763 | Abyss:2  | Killed a sun demon
  8764 | Abyss:2  | Reached skill level 14 in Axes
  8850 | Abyss:2  | Reached XP level 11. HP: 49/100 MP: 18/18
  8854 | Abyss:2  | Reached skill level 15 in Axes
  8893 | Abyss:2  | Noticed a bone dragon
  8905 | Abyss:2  | Noticed a lich
  8909 | Abyss:2  | Killed a lich
  8910 | Abyss:2  | Reached skill level 16 in Axes
  8910 | Abyss:2  | Reached skill level 1 in Armour
  8913 | Abyss:2  | Killed a bone dragon
  8914 | Abyss:2  | Reached skill level 10 in Invocations
  8914 | Abyss:2  | Noticed a sixfirhy
  8915 | D:9      | Escaped the Abyss
  8935 | D:9      | Killed a wizard
  9245 | D:9      | Received a gift from Nemelex Xobeh
  9488 | D:10     | Entered Level 10 of the Dungeon
  9488 | D:10     | Received a gift from Nemelex Xobeh
  9506 | D:10     | Noticed a two-headed ogre
  9511 | D:10     | Killed a two-headed ogre
  9664 | D:10     | Noticed a cyclops
  9672 | D:10     | Killed a cyclops
  9721 | D:10     | Noticed a tengu warrior
  9730 | D:10     | Killed a tengu warrior
  9777 | D:10     | Received a gift from Nemelex Xobeh
  9846 | D:10     | Reached skill level 5 in Armour
  9846 | D:10     | Reached XP level 12. HP: 86/111 MP: 20/20
  9931 | D:10     | Noticed an ogre mage
  9932 | D:10     | Killed an ogre mage
  9968 | D:10     | Identified the +6 arbalest "Uxairaud" {antimagic, Contam
                  | rN+ Stlth+}
 10289 | D:11     | Found a staircase to the Orcish Mines.
 10297 | D:11     | Noticed a two-headed ogre
 10314 | D:11     | Killed a two-headed ogre
 10374 | D:11     | Received a gift from Nemelex Xobeh
 10380 | D:11     | Found a staircase to the Lair.
 11244 | D:11     | Received a gift from Nemelex Xobeh
 11393 | D:11     | Noticed a two-headed ogre
 11407 | D:11     | Killed a two-headed ogre
 11525 | Orc:1    | Entered Level 1 of the Orcish Mines
 11576 | Orc:1    | Noticed an orc high priest
 11584 | Orc:1    | Noticed a sun demon
 11588 | Orc:1    | Killed an orc high priest
 11763 | Orc:1    | Found a dark tunnel.
 11773 | Volcano  | Entered a volcano
 11880 | Abyss:2  | Noticed a wretched star
 11880 | Abyss:2  | Cast into level 2 of the Abyss (a wizard)
 11888 | Abyss:2  | Killed a wretched star
 11889 | Abyss:2  | Reached XP level 13. HP: 83/97 MP: 23/23
 11899 | Abyss:2  | Found a bloodstained altar of Trog.
 11985 | Abyss:2  | Paralysed by you for 3 turns
 12001 | Abyss:2  | Noticed a dread lich
 12007 | Abyss:2  | Noticed a cacodemon
 12024 | Abyss:2  | a cacodemon changed into a reaper
 12024 | Abyss:2  | Noticed a reaper
 12027 | Abyss:2  | Paralysed by something for 4 turns
 12029 | Abyss:2  | Noticed an Ice Fiend
 12032 | Abyss:2  | Demolished by an Ice Fiend

Illustrated notes

Levels and vault maps discovered:
D:1:      dpeg_arrival_caged_fury, layout_basic, item_on_display_b
D:2:      layout_basic, shapermc_ecumenical_altar_ellora, basic_altar
D:3:      gammafunk_steamed_eel, layout_loops_ring, gammafunk_ghost_smash,
          uniq_ijyb, uniq_sigmund
D:4:      layout_loops_corners, serial_shops, shop, shop
D:5:      layout_loops_ring, kennysheep_slug_shrine,
          minmay_temple_entry_large_hall, uniq_blork_the_orc, uniq_eustachio,
          uniq_pikel
D:6:      layout_basic, hex_tiny, uniq_grinder
D:7:      layout_layer_cave, serial_shops, nicolae_stop_n_shop_2
D:8:      layout_loops_ring, overflow_temple_1_default,
          grunt_temple_overflow_diamond
D:9:      layout_irregular_city, serial_shops, kennysheep_mini_moat,
          dreamdust_deal_with_the_devil, minivault_20
D:10:     layout_roguey, minmay_diamond_spiral
D:11:     layout_long_grid, due_lair_maze_entry_diamond, skrybe_limestone_x,
          kennysheep_cross_room
D:12:     minmay_chambers_of_sevens, layout_irregular_city, kennysheep_path_1,
          st_stairs_13
Orc:1:    layout_diamond_mine, basic_altar, nicolae_volcano_entry_vermiform,
          mines_bat_river
Abyss:2:  base: D:8, evilmike_abyss_exit_12, base:
Lair:2
Volcano:  volcano_bunker

Skill      XL: |  1  2  3  4  5  6  7  8  9 10 11 12 13 |
---------------+----------------------------------------+-----
Axes           | 1 2 3 4 5 7 8 10 14 16 | 16.0
Fighting       | 3 4 5 7 8 10 11 13 14 | 14.1
Invocations    | 2 3 4 6 7 9 11 13 14 | 14.1
Shields        | 2 3 |  3.0
Armour         | 5 8 9 |  9.1
Short Blades   | |  2.1
Throwing       | |  1.7
Dodging        | |  0.7
Stealth        | |  3.2

Action                   |  1- 3 |  4- 6 |  7- 9 | 10-12 | 13-15 || total
-------------------------+-------+-------+-------+-------+-------++-------
Melee: Hand axe          |   102 |     7 |       |       |       ||   109
       Dagger            |     5 |       |       |       |       ||     5
       Punch             |     2 |     2 |     4 |       |       ||     8
       Whip              |       |   142 |   213 |       |       ||   355
       War axe           |       |       |    58 |   428 |    48 ||   534
Throw: Dart              |     7 |    11 |     2 |     1 |       ||    21
Invok: Draw Destruction  |       |     4 |    16 |    37 |    16 ||    73
       Draw Escape       |       |       |     2 |     4 |     7 ||    13
       Deal Four         |       |       |       |     2 |     3 ||     5
       Draw Summoning    |       |       |       |     1 |     1 ||     2
  Use: Scroll            |     2 |     4 |     2 |     3 |       ||    11
       Potion            |       |       |       |     3 |     5 ||     8
 Stab: Sleeping          |     5 |     1 |       |       |       ||     6
Armor: Robe              |    47 |     7 |       |       |       ||    54
       Scale mail        |       |    61 |     7 |       |       ||    68
       Plate armour      |       |       |   181 |   395 |   113 ||   689
Dodge: Dodged            |    54 |    56 |    55 |    96 |    12 ||   273
Block: Buckler           |       |       |     6 |    82 |    16 ||   104

Table legend: (Time is in decaauts)
 A = Elapsed time spent in this place.
 B = Non-inter-level travel time spent in this place.
 C = Inter-level travel time spent in this place.
 D = Time resting spent in this place.
 E = Time spent auto-exploring this place.
 F = Levels seen in this place.
 G = Mean time per level.
                   A        B        C        D        E       F      G
               +--------+--------+--------+--------+--------+-----+--------+
         Total |  11969 |  11350 |    619 |    634 |   8539 |  16 |  748.1 |
       Dungeon |  11284 |  10665 |    619 |    460 |   8397 |  12 |  940.3 |
  Orcish Mines |    231 |    231 |      0 |    144 |      0 |   1 |  231.0 |
         Abyss |    353 |    353 |      0 |      0 |    111 |   2 |  176.5 |
       Volcano |     99 |     99 |      0 |     30 |     31 |   1 |   99.0 |
               +--------+--------+--------+--------+--------+-----+--------+

Top non-repeatable levels by time:
     D:7: 1488 daAuts
     D:8: 1254 daAuts
     D:3: 1074 daAuts
     D:6: 1059 daAuts
    D:11: 1037 daAuts
     D:4: 1012 daAuts
    D:10: 974 daAuts
     D:5: 917 daAuts
     D:2: 843 daAuts
     D:1: 817 daAuts
     D:9: 803 daAuts
 Abyss:2: 353 daAuts
   Orc:1: 231 daAuts
 Volcano: 99 daAuts
    D:12: 2 daAuts
